AoeStats
← Yougotmeeshed

Lombardia

508526454Analyzed
4v4 RM · 9d ago on Sep 22, 2026· 43m 54s· 8 players
Game mode
Random Map
Map size
Large (8 player)
Population
200
Speed
Normal
Resources
Standard
Victory
Conquest
Starting age
Dark Age
Ending age
Imperial Age
RankedLock teamsTeams togetherTeam positionsShared explorationLock speedFull tech treeHidden civsTurbo modeCheats
Victory
Defeat
🇵🇪 Slavs · Peru
1562
+13
🇹🇷 Random · Türkiye
1515
+15
🇺🇸 Random · United States
1480
+16
🇲🇽 Saracens · Mexico
1477
+16
🇮🇪 Random · Ireland
1543
-17
🇳🇴 Jurchens · Norway
1529
-17
🇬🇧 Random · United Kingdom
1511
-16
🇺🇸 Random · United States
1346
-10
busy pushing deer
9:30 Feudal Age
9:36 Man-at-Arms
13:17 Double-Bit Axe
15:36 Horse Collar
21:26 Castle Age
19:25 Stone Mining
19:52 Scale Mail Armor
20:32 Forging
22:43 Bow Saw
22:41 Caravan
24:14 Loom
25:04 Wheelbarrow
24:15 Town Watch
28:49 Heavy Plow
29:14 Gold Mining
30:49 Gold Shaft Mining
30:50 Stone Shaft Mining
30:35 Hand Cart
30:40 Pikeman
31:20 Squires
31:41 Chain Mail Armor
33:27 Iron Casting
32:43 Fletching
36:49 Imperial Age
34:47 Hamask
36:09 Ballistics
38:21 Plate Mail Armor
38:51 Blast Furnace
37:34 Heavy Scorpion
38:48 Siege Engineers
39:44 Chemistry
38:43 Bodkin Arrow
38:40 Halberdier
39:06 Arson
38:41 Elite Varangian Guard
sgt peppers s
11:01 Feudal Age
16:44 Castle Age
15:02 Double-Bit Axe
15:03 Horse Collar
17:43 Bow Saw
17:40 Heavy Plow
18:04 Loom
29:14 Wheelbarrow
29:28 Gold Mining
31:13 Gold Shaft Mining
30:30 Stone Mining
31:39 Hand Cart
35:30 Imperial Age
36:10 Scale Barding Armor
36:16 Forging
36:56 Conscription
35:57 Elite Mameluke
37:46 Iron Casting
37:32 Chain Barding Armor
37:37 Bloodlines
37:27 Husbandry
37:36 Light Cavalry
40:49 Plate Barding Armor
41:15 Blast Furnace
40:31 Town Watch
40:22 Capped Ram
42:06 Chemistry
41:37 Siege Ram
LonzoWall
8:39 Loom
10:42 Feudal Age
11:40 Double-Bit Axe
11:38 Horse Collar
16:53 Castle Age
15:29 Gold Mining
16:58 Bloodlines
17:39 Husbandry
21:34 Scale Barding Armor
22:36 Bow Saw
23:31 Wheelbarrow
24:28 Chain Barding Armor
24:44 Forging
26:44 Iron Casting
27:02 Heavy Plow
29:01 Stone Mining
30:06 Hand Cart
31:01 Town Watch
34:01 Imperial Age
33:19 Fletching
34:33 Caravan
35:32 Plate Barding Armor
35:23 Conscription
36:33 Blast Furnace
36:22 Elite Jarl
The_Night_Wolf
6:19 Loom
9:23 Feudal Age
10:07 Double-Bit Axe
15:06 Forging
18:05 Bloodlines
22:30 Castle Age
20:15 Horse Collar
20:43 Gold Mining
22:15 Scale Barding Armor
23:36 Chain Barding Armor
22:38 Light Cavalry
23:33 Husbandry
24:05 Bow Saw
25:17 Stone Mining
28:41 Iron Casting
31:17 Wheelbarrow
32:03 Heavy Plow
32:40 Gold Shaft Mining
37:16 Imperial Age
37:17 Elite Boyar
39:00 Blast Furnace
39:40 Plate Barding Armor
39:35 Conscription
40:52 Crop Rotation
41:32 Caravan
SmithChak
6:50 Loom
9:07 Feudal Age
9:55 Double-Bit Axe
10:33 Horse Collar
12:31 Bloodlines
15:56 Forging
18:39 Wheelbarrow
21:43 Castle Age
20:24 Scale Barding Armor
23:11 Bow Saw
23:02 Heavy Plow
23:36 Husbandry
23:43 Gold Mining
25:24 Iron Casting
36:31 Imperial Age
34:13 Stone Mining
37:23 Chain Barding Armor
37:36 Conscription
37:36 Hand Cart
37:06 Town Watch
38:24 Stone Shaft Mining
38:48 Plate Barding Armor
38:42 Elite Jarl
40:27 Blast Furnace
Meesh
4:15 Loom
12:06 Feudal Age
15:09 Double-Bit Axe
16:41 Horse Collar
22:43 Castle Age
22:23 Stone Mining
22:24 Gold Mining
23:49 Wheelbarrow
26:39 Bow Saw
26:29 Heavy Plow
27:44 Hand Cart
31:56 Ballistics
32:30 Padded Archer Armor
32:20 Fletching
34:10 Bodkin Arrow
34:30 Leather Archer Armor
35:30 Thumb Ring
35:37 Bloodlines
35:28 Husbandry
35:23 Town Watch
37:03 Stone Shaft Mining
37:04 Gold Shaft Mining
36:55 Scale Mail Armor
37:05 Forging
42:35 Imperial Age
40:35 Caravan
41:37 Chain Mail Armor
42:01 Iron Casting
41:40 Arson
43:47 Bracer
44:18 Ring Archer Armor
44:52 Chemistry
43:13 Cranequins
meeshgratorpro
11:01 Feudal Age
14:30 Castle Age
12:49 Double-Bit Axe
12:46 Horse Collar
17:09 Bow Saw
17:33 Heavy Plow
19:30 Wheelbarrow
20:51 Loom
22:19 Pikeman
23:31 Squires
27:23 Town Watch
27:53 Hand Cart
27:49 Scale Mail Armor
28:11 Arson
28:44 Gold Mining
28:44 Stone Mining
32:26 Imperial Age
29:40 Pikeman
30:59 Chain Mail Armor
30:56 Forging
32:57 Gold Shaft Mining
33:06 Ballistics
33:22 Iron Casting
32:38 Fletching
33:30 Conscription
32:31 Shield Wall
35:07 Two-Man Saw
33:56 Man-at-Arms
34:21 Gambesons
33:58 Elite Varangian Guard
34:13 Halberdier
35:41 Plate Mail Armor
35:08 Bodkin Arrow
36:17 Chemistry
34:55 Long Swordsman
35:32 Two-Handed Swordsman
37:40 Bracer
37:41 Padded Archer Armor
37:50 Heavy Mounted Crossbowman
37:50 Cranequins
41:23 Siege Engineers
41:35 Leather Archer Armor
40:43 Champion
42:20 Thumb Ring
44:38 Ring Archer Armor
Yougotmeeshed
6:06 Loom
8:45 Feudal Age
10:36 Double-Bit Axe
12:35 Horse Collar
19:36 Wheelbarrow
23:23 Castle Age
22:28 Bloodlines
24:28 Forging
24:22 Husbandry
24:51 Bow Saw
33:08 Scale Barding Armor
35:43 Heavy Plow
35:54 Gold Mining
36:46 Stone Mining
36:44 Town Watch
38:10 Hand Cart
42:59 Imperial Age
40:54 Fortified Wall
41:25 Fletching
44:50 Imperial Age
Connection lost

Rejoining the realm…

Still unreachable

The connection could not be restored.

Session expired

The server has moved on; the page needs a fresh start.